 Dungeon Crawl Stone Soup version 0.23.2-1-ga50397a6bc (webtiles) character file.

Game seed: 13504541763495528376

2516 Kobolds4U the Protected (level 9, -4/69 (71) HPs)
             Began as a Minotaur Fighter on Apr 24, 2019.
             Was an Initiate of Ashenzari.
             Slain by a wight
             ... wielding a +4 morningstar
              (5 damage)
             ... on level 7 of the Dungeon.
             The game lasted 00:16:10 (6307 turns).

Kobolds4U the Protected (Minotaur Fighter)          Turns: 6307, Time: 00:16:10

HP:   -4/69 (71)    AC: 12    Str: 20    XL:     9   Next: 29%
MP:   8/8           EV:  8    Int:  5    God:    Ashenzari [......]
Gold: 249           SH:  0    Dex: 14    Spells: 8/8 levels left

rFire    + . .     SeeInvis .   y - +0 scimitar (curse)
rCold    x . .     Gourm    .   (no shield)
rNeg     . . .     Faith    +   B - +0 chain mail
rPois    .         Spirit   .   (helmet restricted)
rElec    .         Reflect  .   (no cloak)
rCorr    .         Harm     .   (no gloves)
MR       .....                  H - +0 pair of boots (curse)
Stlth    ..........             h - amulet of faith
HPRegen  0.21/turn              e - ring of fire
MPRegen  0.11/turn              (no ring)

@: drained
A: retaliatory headbutt, horns 2
a: Curse Item, Renounce Religion


You were on level 7 of the Dungeon.
You worshipped Ashenzari.
Ashenzari was noncommittal.
You were not hungry.

You visited 2 branches of the dungeon, and saw 8 of its levels.

You collected 249 gold pieces.

Inventory:

Hand Weapons
 a - a +0 war axe
 g - a +0 hunting sling
 p - a +2 whip of venom
 t - a +0 hand crossbow
 x - a +1 whip of freezing
 y - a cursed +0 scimitar (weapon)
 A - a +0 morningstar
 O - a +2 war axe of freezing
Missiles
 q - 63 stones (quivered)
Armour
 B - a +0 chain mail (worn)
 F - a +0 leather armour of fire resistance
 H - a cursed +0 pair of boots (worn)
 K - a +1 leather armour of cold resistance
Jewellery
 b - an uncursed amulet of the gourmand
 e - a ring of fire (left hand)
 h - an amulet of faith (around neck)
 z - an uncursed amulet of regeneration
 C - an uncursed ring of protection from fire
Wands
 J - a wand of enslavement (13)
 L - a wand of random effects (14)
 M - a wand of iceblast (8)
 N - a wand of paralysis (2)
Scrolls
 c - a scroll of remove curse
 j - 2 scrolls of teleportation
 l - a scroll of fog {unknown}
 m - 2 scrolls of fear {unknown}
 n - 3 scrolls of blinking {unknown}
 r - a scroll of noise {unknown}
 u - 3 scrolls of enchant weapon {unknown}
 v - 5 scrolls of identify
 P - a scroll of acquirement {unknown}
Potions
 d - 4 potions of might
 i - a potion of brilliance
 k - a potion of lignification {unknown}
 o - 2 potions of magic {unknown}
 s - a potion of cancellation {unknown}
 w - a potion of heal wounds {unknown}
 D - a potion of flight {unknown}
 E - a potion of degeneration {unknown}
 G - a potion of agility {unknown}
 I - 2 potions of curing {unknown}
 Q - a potion of mutation {unknown}
Comestibles
 f - 11 rations
 R - 4 chunks of flesh


   Skills:
 - Level 4.0(3.4) Fighting
 + Level 9.3(8.6) Long Blades
 - Level 7.2(6.6) Axes
 + Level 10.1(9.4) Armour
   Level 3.6(3.0) Shields


You had 8 spell levels left.
You didn't know any spells.
Your spell library was empty.

Dungeon Overview and Level Annotations

Branches:
Dungeon (7/15)             Temple (1/1) D:5

Altars:
Ashenzari
Cheibriados
Dithmenos
Elyvilon
Fedhas
Gozag
Hepliaklqana
Kikubaaqudgha
Okawaru
Qazlal
Ru
Trog
Uskayaw
Vehumet
Wu Jian
Xom
Yredelemnul
Zin
The Shining One


Innate Abilities, Weirdness & Mutations

You reflexively headbutt those who attack you in melee.
You have a pair of horns on your head.


Message History

The wight barely misses you. You furiously retaliate!
You headbutt the wight.
You riposte.
You hit the wight but do no damage.
The wight is lightly damaged.
Things that are here:
a +3 trident; a +0 robe You closely miss the wight.
Your headbutt misses the wight.
The wight is lightly damaged.
The wight hits you but does no damage.
You hit the wight but do no damage.
The wight is lightly damaged.
The wight hits you with a +4 morningstar!
* * * LOW HITPOINT WARNING * * *
You hit the wight but do no damage.
The wight is lightly damaged.
You hit the wight.
The wight is heavily damaged.
The wight hits you with a +4 morningstar!
* * * LOW HITPOINT WARNING * * *
You feel drained.
You die...

........# #.......# .
#.#>....# . ......#
)...#####.##
#.))....... #####.#
.# #....z######.#
#.###@÷).##.. #
##.##.##.# ##.
##...#)##.# #.##
...._......# #..##
#)#...##.#.#####.#.#.
#.##.###.#.#.........
# ...# #.#...÷.......
###.. ..#.#.###.#...
#.# #####.# #<####


You could see a wight.

Vanquished Creatures
  2 black bears (D:6)
  2 sky beasts
  2 ogres
  2 necrophages (D:5)
  2 bullfrogs (D:6)
  A scorpion (D:4)
  9 wights
  3 howler monkeys (D:7)
  2 crimson imps
  4 hounds
  8 orc priests
  2 centaur skeletons
  10 orc wizards
  3 iguanas
  Ijyb (D:5)
  2 worker ants
  A hound skeleton (D:5)
  9 adders
  2 shadow imps
  3 oozes
  An adder zombie (D:6)
  An adder skeleton (D:6)
  2 worms (D:5)
  A dart slug (D:1)
  11 leopard geckos
  22 orcs
  2 ball pythons
  7 bats
  4 giant cockroaches
  7 goblins
  5 hobgoblins
  2 jackals (D:5)
  2 quokkas
  A ball python skeleton (D:4)
  4 frilled lizards
  5 kobolds
  A leopard gecko zombie (D:7)
  5 rats
153 creatures vanquished.

Notes
Turn   | Place    | Note
-------+----------+-------------------------------------------
     0 | D:1      | Kobolds4U the Minotaur Fighter began the quest for the Orb.
     0 | D:1      | Reached XP level 1. HP: 19/19 MP: 0/0
   219 | D:1      | Reached XP level 2. HP: 27/27 MP: 1/1
   661 | D:2      | Reached XP level 3. HP: 33/33 MP: 2/2
   675 | D:2      | Found a stormy altar of Qazlal.
  1178 | D:2      | Reached skill level 5 in Axes
  1178 | D:2      | Reached XP level 4. HP: 40/40 MP: 3/3
  1654 | D:3      | Found a hazy altar of Hepliaklqana.
  1926 | D:3      | Reached XP level 5. HP: 39/46 MP: 4/4
  2235 | D:4      | Reached XP level 6. HP: 38/52 MP: 5/5
  2241 | D:4      | Reached skill level 1 in Long Blades
  2241 | D:4      | Reached skill level 4 in Armour
  2659 | D:4      | Found an iron altar of Okawaru.
  3071 | D:5      | Entered Level 5 of the Dungeon
  3075 | D:5      | Found a basalt altar of Yredelemnul.
  3102 | D:6      | Reached skill level 5 in Armour
  3168 | D:6      | Reached XP level 7. HP: 20/59 MP: 6/6
  3406 | D:6      | Reached skill level 6 in Armour
  3505 | D:6      | Reached skill level 5 in Long Blades
  3936 | D:5      | Reached skill level 7 in Armour
  3936 | D:5      | Reached XP level 8. HP: 35/66 MP: 7/7
  4195 | D:5      | Found a hide-covered altar of Uskayaw.
  4255 | D:5      | Found a shimmering altar of Xom.
  4693 | D:5      | Noticed Ijyb
  4706 | D:5      | Killed Ijyb
  4714 | D:5      | Reached skill level 8 in Armour
  4819 | D:5      | Found a staircase to the Ecumenical Temple.
  4841 | Temple   | Entered the Ecumenical Temple
  4960 | Temple   | Became a worshipper of Ashenzari the Shackled
  5316 | D:6      | Found a snail-covered altar of Cheibriados.
  5342 | D:6      | Reached skill level 9 in Armour
  5436 | D:6      | Found a bloodstained altar of Trog.
  5500 | D:6      | Reached XP level 9. HP: 39/69 MP: 8/8
  5818 | D:6      | Found a sacrificial altar of Ru.
  6251 | D:7      | Found a radiant altar of Vehumet.
  6293 | D:7      | Reached skill level 10 in Armour
  6307 | D:7      | HP: 1/69 [wight/+4 morningstar (11)]
  6307 | D:7      | Slain by a wight

Skill      XL: |  1  2  3  4  5  6  7  8  9 |
---------------+----------------------------+-----
Fighting       | 4 |  4.0
Axes           | 3 4 5 6 7 |  7.2
Long Blades    | 3 6 8 9 |  9.3
Armour         | 5 7 9 10 | 10.1
Shields        | |  3.6

Action                   |  1- 3 |  4- 6 |  7- 9 || total
-------------------------+-------+-------+-------++-------
Melee: War axe           |    29 |       |       ||    29
       Headbutt          |    14 |    22 |    65 ||   101
       Whip              |    35 |    33 |       ||    68
       Scimitar          |       |    64 |   267 ||   331
Invok: Curse Item        |       |       |     2 ||     2
  Use: Scroll            |       |     2 |     2 ||     4
  Eat: Chunk             |     1 |     6 |     8 ||    15
       Ration            |       |       |     1 ||     1
Armor: Scale mail        |    44 |    21 |       ||    65
       Chain mail        |       |    22 |   168 ||   190
Dodge: Dodged            |    27 |    46 |   111 ||   184
       Rpst.: Scimitar   |       |     8 |    31 ||    39
